Map: Apotheosis LE

Players

Gracz

  • Race: Protoss Protoss
  • League: Silver

Aszmel - Winner!

  • Race: Protoss Protoss
  • League: Silver

VOD

Have the link to the VOD?

Description

Time

  • Played on: Oct. 16, 2016, 12:25 p.m.
  • Length: 12:31
Show
View Real Time Build Order
Export as new Build Order

Gracz Protoss 

Build Orders: 1 Gate Expand 

Get SALT Encoding   

  12  0:01  Probe (Chrono Boost)  
  13  0:23  Pylon  
  13  0:28  Probe (Chrono Boost)  
  14  0:38  Assimilator  
  14  0:39  Probe (Chrono Boost)  
  15  0:49  Probe (Chrono Boost)  
  16  0:54  Gateway  
  16  1:03  Pylon  
  16  1:04  Probe (Chrono Boost)  
  17  1:15  Probe (Chrono Boost)  
  18  1:32  Nexus  
  18  1:49  Gateway  
  18  1:53  Gateway  
  18  2:09  Probe (Chrono Boost)  
  19  2:19  Probe (Chrono Boost)  
  20  2:30  Probe (Chrono Boost)  
  21  2:38  Cybernetics Core  
  21  2:41  Probe (Chrono Boost)  
  22  2:53  Pylon  
  22  2:54  Probe x2 (Chrono Boost)  
  24  3:05  Probe x2 (Chrono Boost)  
  26  3:06  Assimilator  
  26  3:15  Probe x2 (Chrono Boost)  
  28  3:24  Warp Gate  
  28  3:26  Probe x2 (Chrono Boost)  
  29  3:48  Gateway  
  29  3:49  Twilight Council  
  29  3:59  Pylon  
  29  4:04  Robotics Facility  
  29  4:06  Robotics Facility  
  29  4:10  Blink  
  29  4:14  Pylon  
  29  4:15  Probe (Chrono Boost)  
  29  4:16  Probe (Chrono Boost)  
  31  4:27  Probe (Chrono Boost)  
  31  4:28  Probe (Chrono Boost)  
  33  4:34  Forge  
  34  4:39  Probe (Chrono Boost)  
  34  4:40  Probe (Chrono Boost)  
  35  4:51  Probe (Chrono Boost)  
  37  4:52  Stalker  
  37  4:53  Stalker x2, Probe (Chrono Boost)  
  43  5:03  Probe (Chrono Boost)  
  43  5:05  Probe (Chrono Boost)  
  46  5:15  Assimilator, Probe (Chrono Boost)  
  46  5:19  Assimilator  
  46  5:28  Nexus  
  48  5:30  Mothership Core (Chrono Boost), Pylon, Probe (Chrono Boost)  
  48  5:33  Pylon  
  49  5:37  Pylon, Immortal  
  49  5:42  Probe (Chrono Boost)  
  56  5:57  Probe x2 (Chrono Boost)  
  56  5:59  Stalker x2  
  56  6:00  Stalker  
  62  6:08  Stalker  
  62  6:09  Probe (Chrono Boost)  
  65  6:32  Stalker x4  
  73  6:45  Probe (Chrono Boost)  
  73  6:46  Probe (Chrono Boost)  
  76  6:47  Probe (Chrono Boost)  
  76  6:56  Probe (Chrono Boost)  
  76  6:58  Probe (Chrono Boost)  
  76  6:59  Probe (Chrono Boost)  
  79  7:06  Probe (Chrono Boost)  
  72  7:10  Probe (Chrono Boost)  
  72  7:11  Probe (Chrono Boost)  
  64  7:19  Stalker x3  
  64  7:20  Stalker  
  73  7:22  Probe (Chrono Boost)  
  73  7:34  Gateway  
  73  7:36  Gateway x2  
  73  7:39  Protoss Ground Weapons Level 1  
  73  7:40  Gateway  
  73  7:42  Immortal x2  
  73  7:49  Stalker x2  
  73  7:50  Stalker  
  87  7:57  Templar Archives  
  87  8:00  Dark Shrine  
  87  8:01  Assimilator  
  87  8:04  Assimilator  
  87  8:06  Stalker  
  89  8:16  Nexus  
  89  8:18  Robotics Facility, Pylon  
  89  8:19  Robotics Facility  
  89  8:22  Pylon  
  89  8:42  Stalker x4  
  89  8:45  Psionic Storm  
  97  9:04  Stalker x2  
  97  9:05  Stalker  
  97  9:06  Stalker  
  106  9:10  Probe (Chrono Boost)  
  106  9:11  Probe x2 (Chrono Boost)  
  108  9:20  Assimilator  
  108  9:23  Probe (Chrono Boost)  
  109  9:25  Assimilator  
  109  9:26  Stalker x2  
  113  9:33  Dark Templar  
  113  9:34  Dark Templar x2  
  113  9:35  Dark Templar  
  113  9:38  Archon  
  121  9:39  Archon  
  121  9:46  High Templar  
  123  9:54  Probe x2 (Chrono Boost)  
  123  9:56  Probe x2 (Chrono Boost)  
  127  10:02  Sentry x2  
  127  10:05  Probe x2 (Chrono Boost)  
  135  10:07  High Templar  
  135  10:08  Probe x2 (Chrono Boost)  
  137  10:15  Probe (Chrono Boost)  
  137  10:20  Pylon  
  138  10:22  Pylon  
  138  10:25  Pylon  
  138  10:26  Photon Cannon  
  138  10:27  Photon Cannon  
  138  10:29  Stalker  
  140  10:45  Probe x2 (Chrono Boost)  
  140  10:46  Probe x2 (Chrono Boost)  
  144  10:50  Stalker  
  144  10:51  Stalker x5  
  144  10:52  Stalker  
  144  10:55  Sentry  
  160  11:08  Nexus  
  160  11:11  Pylon  
  160  11:15  Pylon  
  160  11:18  Pylon  
  160  11:19  Stargate x2  
  160  11:21  Photon Cannon  
  160  11:23  Photon Cannon  
  158  11:26  Photon Cannon  
  75  11:56  Stalker  
  75  11:58  Stalker x2  
  75  11:59  Stalker x2  
  75  12:00  Stalker  
  91  12:13  Stalker x2  
  93  12:28  Stalker x2  
Show
View Real Time Build Order
Export as new Build Order

Aszmel Protoss - Winner!

Build Orders:  

Get SALT Encoding   

  12  0:00  Probe (Chrono Boost)  
  13  0:11  Probe (Chrono Boost)  
  14  0:21  Pylon  
  14  0:23  Probe (Chrono Boost)  
  15  0:40  Probe (Chrono Boost)  
  16  0:43  Gateway  
  16  0:48  Assimilator  
  16  0:50  Probe (Chrono Boost)  
  17  1:01  Probe (Chrono Boost)  
  18  1:06  Assimilator  
  18  1:17  Probe (Chrono Boost)  
  19  1:38  Zealot  
  21  1:43  Cybernetics Core  
  21  1:56  Nexus  
  21  2:00  Probe (Chrono Boost)  
  21  2:01  Pylon  
  22  2:11  Probe (Chrono Boost), Warp Gate  
  23  2:20  Adept  
  25  2:24  Probe (Chrono Boost)  
  26  2:32  Pylon  
  26  2:38  Probe (Chrono Boost)  
  27  2:52  Gateway  
  27  2:56  Probe (Chrono Boost)  
  28  3:10  Mothership Core (Chrono Boost), Probe (Chrono Boost)  
  31  3:13  Adept  
  33  3:21  Probe (Chrono Boost)  
  34  3:40  Gateway  
  34  3:47  Robotics Facility  
  34  3:52  Probe x2 (Chrono Boost)  
  37  4:03  Probe (Chrono Boost)  
  37  4:13  Probe (Chrono Boost)  
  38  4:18  Gateway  
  38  4:23  Gateway  
  38  4:24  Probe (Chrono Boost)  
  39  4:32  Pylon  
  39  4:34  Probe (Chrono Boost), Immortal  
  44  4:38  Adept x2  
  44  4:45  Probe x2 (Chrono Boost)  
  50  4:55  Probe x2 (Chrono Boost)  
  52  5:06  Probe x2 (Chrono Boost)  
  54  5:09  Protoss Air Armor Level 1  
  54  5:16  Probe (Chrono Boost)  
  54  5:18  Pylon, Immortal  
  59  5:32  Forge  
  59  5:38  Adept x4, Pylon  
  67  5:50  Assimilator  
  67  5:54  Assimilator  
  67  5:58  Protoss Ground Weapons Level 1  
  67  6:02  Gateway  
  67  6:03  Gateway  
  68  6:18  Probe (Chrono Boost)  
  68  6:23  Immortal  
  72  6:25  Stalker  
  72  6:26  Stalker  
  72  6:29  Probe (Chrono Boost)  
  77  6:39  Pylon  
  77  6:44  Pylon  
  77  6:58  Pylon  
  77  7:21  Stalker x3  
  77  7:22  Stalker x3  
  89  7:34  Nexus  
  89  7:41  Pylon, Immortal  
  89  7:47  Protoss Ground Armor Level 1  
  93  7:58  Stalker x4  
  101  8:16  Pylon  
  101  8:19  Immortal  
  105  8:47  Probe (Chrono Boost)  
  106  8:57  Pylon, Probe (Chrono Boost)  
  106  8:58  Observer  
  106  9:00  Pylon  
  108  9:08  Probe (Chrono Boost)  
  109  9:17  Immortal  
  109  9:18  Probe (Chrono Boost)  
  112  9:29  Probe (Chrono Boost)  
  112  9:30  Mothership Core (Chrono Boost)  
  115  9:39  Pylon, Probe (Chrono Boost)  
  115  9:41  Protoss Shields Level 1, Pylon  
  115  9:42  Stalker x7  
  130  9:50  Probe (Chrono Boost)  
  131  9:54  Immortal  
  135  10:14  Sentry x5  
  145  10:33  Immortal  
  149  10:46  Stalker x6  
  161  11:06  Pylon  
  161  11:07  Pylon  
  161  11:13  Immortal  
  161  11:37  Pylon  
  135  11:56  Stalker x7  
Tags
 
Add a new tag
Caveats
  • Supply blocks, unpowered buildings, or Contaminate may cause inaccurate times.
  • Supply counts are checked every 10 seconds.